[ AOE2 MATCH · #472246510 ]
Team RMMongols vs Turks
[ REPLAY ANALYSIS · EXTRACTED FROM THE RECORDED GAME ]
Feudal
13:11
Castle
22:06
Imperial
39:20
| APM avg | 15.1 |
| APM peak | 42 |
| eAPM avg | 10.1 |
| Villagers / military | 70 / 118 |
Focus
⚔️ 37.9% · 🌾 62.1%
Mangudai ×83 · Cavalry Archer ×32 · Militia ×2 · Monk ×1 · Trade Cart ×1
Feudal
11:16
Castle
20:09
Imperial
44:04
| APM avg | 18.9 |
| APM peak | 73 |
| eAPM avg | 9.6 |
| Villagers / military | 54 / 99 |
Focus
⚔️ 36.4% · 🌾 63.6%
Knight ×32 · Spearman ×28 · Conquistador ×19 · Scout Cavalry ×8 · Monk ×3 · Missionary ×3
Feudal
16:00
Castle
23:15
Imperial
39:54
| APM avg | 39.3 |
| APM peak | 195 |
| eAPM avg | 22.1 |
| Villagers / military | 128 / 194 |
Focus
⚔️ 48.1% · 🌾 51.9%
Janissary ×97 · Knight ×73 · Trebuchet (Packed) ×11 · Militia ×6 · Spearman ×5 · Monk ×2
Feudal
11:57
Castle
23:45
Imperial
46:56
| APM avg | 16.2 |
| APM peak | 43 |
| eAPM avg | 8.5 |
| Villagers / military | 73 / 82 |
Focus
⚔️ 37.0% · 🌾 63.0%
Cavalry Archer ×55 · Tarkan ×12 · Scout Cavalry ×6 · Trebuchet (Packed) ×6 · Knight ×3
Feudal
9:45
Castle
20:22
Imperial
53:48
| APM avg | 17.2 |
| APM peak | 54 |
| eAPM avg | 11.4 |
| Villagers / military | 94 / 98 |
Focus
⚔️ 28.0% · 🌾 72.0%
Knight ×83 · Spearman ×6 · Scout Cavalry ×5 · Battering Ram ×4
Feudal
11:30
Castle
24:49
Imperial
35:18
| APM avg | 20.9 |
| APM peak | 48 |
| eAPM avg | 12.3 |
| Villagers / military | 73 / 161 |
Focus
⚔️ 39.8% · 🌾 60.2%
Cavalry Archer ×67 · Spearman ×53 · Archer ×12 · Trebuchet (Packed) ×12 · Militia ×9 · Mangudai ×8
Match map
Initial resources + every placement click. Lines = walls · curves = elevation contours. ◆ gold · ⬟ stone · ● berries · ✦ relic · ◌ wall gap
Your base· Open — unwalled flank
𝕭𝖗𝖔𝖔𝖘's base
blindsestudio0's base
marcocuiza33's base
Raziel's base· Open — unwalled flank
villeguitas.mavg's base
Smoothed initial terrain · ◌ = detected wall gap · hover for details
Inputs per minute
— 𝐿.0.𝑡.𝑢.𝑠 ☼ - - 𝕭𝖗𝖔𝖔𝖘
Build order — 𝐿.0.𝑡.𝑢.𝑠 ☼
First 150 of 285 actions detected
| 0:15 | Build | House |
| 0:17 | Build | House |
| 1:40 | Create | Villager (Male) |
| 1:41 | Create | Villager (Male) |
| 1:41 | Create | Villager (Male) |
| 1:41 | Create | Villager (Male) |
| 1:42 | Create | Villager (Male) |
| 1:42 | Create | Villager (Male) |
| 2:42 | Create | Villager (Male) |
| 3:42 | Create | Villager (Male) |
| 3:42 | Create | Villager (Male) |
| 5:09 | Build | Mill |
| 6:12 | Build | Lumber Camp |
| 6:25 | Create | Villager (Male) |
| 6:25 | Create | Villager (Male) |
| 6:26 | Create | Villager (Male) |
| 6:26 | Create | Villager (Male) |
| 7:26 | Build | House |
| 7:28 | Build | House |
| 8:50 | Build | Farm |
| 9:03 | Create | Villager (Male) |
| 9:03 | Create | Villager (Male) |
| 9:12 | Build | Farm |
| 9:34 | Build | Farm |
| 9:44 | Build | Farm |
| 9:57 | Build | Farm |
| 10:30 | Build | Farm |
| 10:33 | Build | Farm |
| 10:36 | Build | Farm |
| 10:41 | Build | Farm |
| 11:01 | Research | Feudal Age |
| 12:49 | Build | Farm |
| 12:58 | Create | Villager (Male) |
| 12:59 | Create | Villager (Male) |
| 12:59 | Create | Villager (Male) |
| 12:59 | Create | Villager (Male) |
| 13:00 | Create | Villager (Male) |
| 13:11 | Age | Feudal Age |
| 13:24 | Build | Market |
| 13:29 | Research | Double-Bit Axe |
| 13:33 | Research | Wheelbarrow |
| 13:38 | Research | Horse Collar |
| 13:45 | Create | Villager (Male) |
| 13:45 | Create | Villager (Male) |
| 13:45 | Create | Villager (Male) |
| 14:26 | Build | Mining Camp |
| 14:49 | Build | House |
| 14:51 | Build | House |
| 15:26 | Create | Villager (Male) |
| 15:27 | Create | Villager (Male) |
| 15:27 | Create | Villager (Male) |
| 15:27 | Create | Villager (Male) |
| 15:28 | Create | Villager (Male) |
| 15:28 | Create | Villager (Male) |
| 15:28 | Create | Villager (Male) |
| 15:29 | Create | Villager (Male) |
| 15:33 | Create | Trade Cart |
| 16:06 | Create | Villager (Male) |
| 16:06 | Create | Villager (Male) |
| 16:07 | Create | Villager (Male) |
| 16:12 | Build | Farm |
| 17:10 | Build | Blacksmith |
| 18:29 | Build | Mining Camp |
| 18:51 | Create | Villager (Male) |
| 18:52 | Create | Villager (Male) |
| 19:03 | Research | Gold Mining |
| 19:19 | Research | Castle Age |
| 19:21 | Create | Villager (Male) |
| 19:21 | Create | Villager (Male) |
| 19:32 | Build | Farm |
| 19:59 | Build | Farm |
| 20:10 | Build | Farm |
| 20:23 | Build | House |
| 20:25 | Build | House |
| 20:27 | Build | House |
| 20:43 | Create | Villager (Male) |
| 20:44 | Create | Villager (Male) |
| 20:44 | Create | Villager (Male) |
| 20:44 | Create | Villager (Male) |
| 20:45 | Create | Villager (Male) |
| 20:45 | Create | Villager (Male) |
| 21:59 | Build | Barracks |
| 22:06 | Age | Castle Age |
| 22:38 | Research | Hand Cart |
| 24:54 | Research | Bow Saw |
| 24:57 | Research | Heavy Plow |
| 25:20 | Create | Militia |
| 25:20 | Create | Militia |
| 26:20 | Build | Lumber Camp |
| 26:48 | Create | Villager (Male) |
| 26:49 | Create | Villager (Male) |
| 26:49 | Create | Villager (Male) |
| 26:49 | Create | Villager (Male) |
| 26:50 | Create | Villager (Male) |
| 26:50 | Create | Villager (Male) |
| 26:50 | Create | Villager (Male) |
| 26:51 | Create | Villager (Male) |
| 26:51 | Create | Villager (Male) |
| 26:52 | Create | Villager (Male) |
| 26:52 | Create | Villager (Male) |
| 26:52 | Create | Villager (Male) |
| 26:52 | Create | Villager (Male) |
| 26:53 | Create | Villager (Male) |
| 27:33 | Build | Monastery |
| 27:55 | Build | University |
| 28:06 | Research | Stone Mining |
| 28:13 | Research | Gold Shaft Mining |
| 28:30 | Build | Castle |
| 29:12 | Build | House |
| 29:15 | Build | House |
| 29:17 | Build | House |
| 29:18 | Build | House |
| 29:19 | Build | House |
| 29:37 | Create | Villager (Male) |
| 29:37 | Create | Villager (Male) |
| 29:38 | Create | Villager (Male) |
| 29:38 | Create | Villager (Male) |
| 29:48 | Create | Monk |
| 30:26 | Build | Lumber Camp |
| 30:33 | Research | Caravan |
| 30:35 | Research | Coinage |
| 30:58 | Create | Mangudai |
| 30:59 | Create | Mangudai |
| 31:54 | Build | Farm |
| 31:55 | Build | Farm |
| 32:02 | Build | Farm |
| 32:07 | Build | Farm |
| 32:12 | Build | Farm |
| 32:32 | Build | Mining Camp |
| 33:04 | Research | Forging |
| 33:05 | Research | Fletching |
| 33:05 | Research | Scale Mail Armor |
| 33:06 | Research | Padded Archer Armor |
| 33:07 | Research | Scale Barding Armor |
| 33:47 | Build | Archery Range |
| 34:00 | Build | Archery Range |
| 34:02 | Build | Archery Range |
| 34:04 | Build | Archery Range |
| 34:20 | Build | Mining Camp |
| 34:44 | Research | Nomads |
| 34:47 | Create | Mangudai |
| 34:47 | Create | Mangudai |
| 35:25 | Research | Ballistics |
| 35:47 | Research | Tech 909 |
| 36:10 | Research | Imperial Age |
| 36:12 | Create | Villager (Male) |
| 36:12 | Create | Villager (Male) |
| 36:12 | Create | Villager (Male) |
| 36:13 | Create | Villager (Male) |
| 36:13 | Create | Villager (Male) |
Build order — 𝕭𝖗𝖔𝖔𝖘
First 150 of 236 actions detected
| 0:04 | Build | House |
| 0:06 | Build | House |
| 0:09 | Build | House |
| 0:10 | Create | Villager (Male) |
| 0:10 | Create | Villager (Male) |
| 0:41 | Create | Villager (Male) |
| 1:19 | Create | Villager (Male) |
| 1:53 | Create | Villager (Male) |
| 2:37 | Create | Villager (Male) |
| 2:39 | Create | Villager (Male) |
| 3:07 | Create | Villager (Male) |
| 3:33 | Create | Villager (Male) |
| 4:09 | Create | Villager (Male) |
| 4:42 | Create | Villager (Male) |
| 4:52 | Build | Mill |
| 5:11 | Create | Villager (Male) |
| 5:24 | Create | Villager (Male) |
| 6:23 | Create | Villager (Male) |
| 6:29 | Build | Lumber Camp |
| 6:34 | Create | Villager (Male) |
| 7:00 | Create | Villager (Male) |
| 7:33 | Build | House |
| 7:36 | Build | House |
| 7:38 | Build | House |
| 7:42 | Create | Villager (Male) |
| 9:01 | Create | Villager (Male) |
| 9:06 | Research | Feudal Age |
| 9:42 | Build | Barracks |
| 10:31 | Create | Villager (Male) |
| 11:16 | Age | Feudal Age |
| 11:37 | Research | Horse Collar |
| 11:40 | Research | Double-Bit Axe |
| 11:45 | Build | Mining Camp |
| 11:52 | Build | Mining Camp |
| 12:11 | Research | Loom |
| 13:07 | Create | Spearman |
| 13:21 | Build | Stable |
| 13:36 | Create | Spearman |
| 13:52 | Create | Villager (Male) |
| 14:15 | Build | Farm |
| 14:15 | Build | Farm |
| 14:23 | Build | Farm |
| 15:01 | Build | Farm |
| 15:02 | Build | Farm |
| 15:29 | Build | Market |
| 15:36 | Create | Villager (Male) |
| 16:09 | Create | Villager (Male) |
| 16:18 | Build | Farm |
| 16:40 | Build | Farm |
| 16:48 | Create | Villager (Male) |
| 17:16 | Build | Farm |
| 17:29 | Research | Castle Age |
| 17:46 | Build | Stable |
| 17:57 | Build | Barracks |
| 18:44 | Build | Farm |
| 18:58 | Build | Farm |
| 19:20 | Build | Blacksmith |
| 19:48 | Research | Wheelbarrow |
| 20:09 | Age | Castle Age |
| 20:27 | Build | Town Center |
| 20:41 | Research | Pikeman (upgrade) |
| 20:46 | Research | Light Cavalry (upgrade) |
| 21:29 | Create | Villager (Male) |
| 21:30 | Create | Villager (Male) |
| 21:35 | Create | Spearman |
| 21:35 | Create | Spearman |
| 21:55 | Create | Knight |
| 22:17 | Create | Spearman |
| 22:17 | Create | Spearman |
| 22:42 | Create | Knight |
| 23:45 | Create | Spearman |
| 23:45 | Create | Spearman |
| 24:16 | Research | Bloodlines |
| 24:19 | Research | Husbandry |
| 24:29 | Create | Spearman |
| 24:29 | Create | Spearman |
| 24:49 | Build | Castle |
| 25:02 | Build | Town Center |
| 25:51 | Create | Spearman |
| 25:52 | Create | Spearman |
| 25:55 | Create | Villager (Male) |
| 25:55 | Create | Villager (Male) |
| 26:04 | Build | House |
| 26:06 | Build | House |
| 26:06 | Build | House |
| 26:07 | Build | House |
| 26:08 | Build | House |
| 26:09 | Build | House |
| 26:10 | Build | House |
| 26:31 | Create | Conquistador |
| 26:39 | Build | Monastery |
| 26:47 | Create | Villager (Male) |
| 26:49 | Create | Villager (Male) |
| 27:28 | Create | Villager (Male) |
| 27:29 | Create | Villager (Male) |
| 27:44 | Create | Monk |
| 27:50 | Create | Conquistador |
| 28:20 | Build | Lumber Camp |
| 28:24 | Create | Villager (Male) |
| 28:29 | Research | Scale Barding Armor |
| 29:05 | Create | Conquistador |
| 29:21 | Build | University |
| 29:27 | Research | Bow Saw |
| 29:43 | Research | Heavy Plow |
| 30:11 | Research | Padded Archer Armor |
| 30:25 | Create | Villager (Male) |
| 30:34 | Build | Farm |
| 30:43 | Build | Farm |
| 30:43 | Build | Farm |
| 31:02 | Research | Inquisition |
| 31:27 | Build | Siege Workshop |
| 31:38 | Create | Conquistador |
| 31:41 | Create | Villager (Male) |
| 31:41 | Create | Villager (Male) |
| 31:53 | Create | Trade Cart |
| 32:00 | Create | Trade Cart |
| 32:25 | Build | Mining Camp |
| 32:30 | Create | Battering Ram |
| 32:35 | Create | Spearman |
| 32:40 | Create | Knight |
| 32:44 | Create | Conquistador |
| 32:59 | Create | Spearman |
| 33:04 | Create | Monk |
| 33:29 | Research | Hand Cart |
| 33:57 | Create | Battering Ram |
| 34:06 | Create | Villager (Male) |
| 34:06 | Create | Villager (Male) |
| 34:06 | Create | Villager (Male) |
| 34:11 | Build | Farm |
| 34:17 | Build | Farm |
| 34:22 | Create | Villager (Male) |
| 34:23 | Create | Villager (Male) |
| 35:34 | Create | Battering Ram |
| 36:15 | Create | Spearman |
| 36:15 | Create | Spearman |
| 36:16 | Create | Spearman |
| 36:16 | Create | Spearman |
| 36:36 | Create | Knight |
| 36:37 | Create | Knight |
| 36:37 | Create | Knight |
| 36:58 | Create | Knight |
| 36:58 | Create | Knight |
| 37:05 | Create | Conquistador |
| 37:13 | Build | Castle |
| 37:56 | Create | Spearman |
| 37:57 | Create | Spearman |
| 37:59 | Create | Knight |
| 37:59 | Create | Knight |
| 38:02 | Create | Villager (Male) |
| 38:02 | Create | Villager (Male) |
Build order — blindsestudio0
First 150 of 452 actions detected
| 0:03 | Build | House |
| 0:09 | Build | House |
| 0:09 | Create | Villager (Male) |
| 0:10 | Create | Villager (Male) |
| 0:10 | Create | Villager (Male) |
| 0:35 | Create | Villager (Male) |
| 0:35 | Create | Villager (Male) |
| 0:52 | Create | Villager (Male) |
| 1:52 | Create | Villager (Male) |
| 2:21 | Create | Villager (Male) |
| 2:37 | Create | Villager (Male) |
| 3:19 | Create | Villager (Male) |
| 4:01 | Create | Villager (Male) |
| 4:01 | Create | Villager (Male) |
| 4:39 | Build | House |
| 4:54 | Research | Loom |
| 5:16 | Create | Villager (Male) |
| 5:16 | Create | Villager (Male) |
| 5:16 | Create | Villager (Male) |
| 5:16 | Create | Villager (Male) |
| 5:26 | Build | House |
| 6:18 | Build | House |
| 6:21 | Create | Villager (Male) |
| 6:35 | Create | Villager (Male) |
| 7:34 | Build | Mill |
| 7:54 | Build | Lumber Camp |
| 8:03 | Create | Villager (Male) |
| 8:28 | Create | Villager (Male) |
| 8:29 | Create | Villager (Male) |
| 8:29 | Create | Villager (Male) |
| 9:12 | Build | Mining Camp |
| 9:34 | Create | Villager (Male) |
| 9:34 | Create | Villager (Male) |
| 10:19 | Create | Villager (Male) |
| 10:20 | Create | Villager (Male) |
| 10:38 | Build | Farm |
| 10:38 | Build | Farm |
| 10:39 | Build | Farm |
| 10:39 | Build | Farm |
| 10:39 | Build | Farm |
| 10:41 | Build | Farm |
| 10:42 | Build | Farm |
| 11:10 | Build | Barracks |
| 11:50 | Create | Villager (Male) |
| 11:50 | Create | Villager (Male) |
| 11:50 | Create | Villager (Male) |
| 11:51 | Create | Villager (Male) |
| 12:07 | Create | Villager (Male) |
| 12:16 | Build | Lumber Camp |
| 12:18 | Build | House |
| 12:44 | Build | Farm |
| 13:00 | Create | Villager (Male) |
| 13:00 | Create | Villager (Male) |
| 13:23 | Research | Feudal Age |
| 13:51 | Create | Militia |
| 13:52 | Create | Militia |
| 14:05 | Build | Farm |
| 14:21 | Build | House |
| 14:43 | Build | Farm |
| 14:43 | Build | Farm |
| 14:43 | Build | Farm |
| 14:43 | Build | Farm |
| 14:56 | Build | House |
| 14:58 | Create | Villager (Male) |
| 14:58 | Create | Villager (Male) |
| 15:00 | Build | House |
| 15:03 | Build | House |
| 15:22 | Create | Militia |
| 15:23 | Create | Militia |
| 16:00 | Age | Feudal Age |
| 16:04 | Research | Wheelbarrow |
| 16:05 | Research | Double-Bit Axe |
| 16:07 | Research | Horse Collar |
| 16:09 | Create | Villager (Male) |
| 16:09 | Create | Villager (Male) |
| 16:10 | Create | Villager (Male) |
| 16:21 | Build | Market |
| 16:25 | Build | Blacksmith |
| 17:48 | Create | Spearman |
| 17:48 | Create | Spearman |
| 17:49 | Create | Spearman |
| 17:57 | Research | Town Watch |
| 18:13 | Build | Farm |
| 18:15 | Build | Farm |
| 18:20 | Build | Mining Camp |
| 19:32 | Create | Villager (Male) |
| 19:32 | Create | Villager (Male) |
| 19:32 | Create | Villager (Male) |
| 19:33 | Create | Villager (Male) |
| 19:33 | Create | Villager (Male) |
| 19:42 | Research | Gold Mining |
| 20:26 | Research | Castle Age |
| 20:35 | Research | Man-at-Arms (upgrade) |
| 20:39 | Create | Militia |
| 20:40 | Create | Militia |
| 20:50 | Create | Spearman |
| 20:50 | Create | Spearman |
| 21:38 | Build | House |
| 21:39 | Build | House |
| 21:41 | Build | House |
| 21:46 | Research | Scale Mail Armor |
| 22:20 | Build | Mining Camp |
| 22:54 | Create | Villager (Male) |
| 22:55 | Create | Villager (Male) |
| 22:55 | Create | Villager (Male) |
| 22:55 | Create | Villager (Male) |
| 22:56 | Create | Villager (Male) |
| 23:15 | Age | Castle Age |
| 23:17 | Build | Town Center |
| 23:57 | Create | Villager (Male) |
| 24:02 | Research | Heavy Plow |
| 24:10 | Research | Bow Saw |
| 24:13 | Research | Stone Mining |
| 24:25 | Build | House |
| 24:26 | Build | House |
| 24:26 | Build | House |
| 24:26 | Build | House |
| 24:30 | Build | House |
| 24:35 | Build | House |
| 24:43 | Build | Monastery |
| 25:21 | Create | Villager (Male) |
| 25:22 | Create | Villager (Male) |
| 25:22 | Create | Villager (Male) |
| 25:22 | Create | Villager (Male) |
| 25:22 | Create | Villager (Male) |
| 25:23 | Create | Villager (Male) |
| 25:23 | Create | Villager (Male) |
| 25:25 | Create | Villager (Male) |
| 25:26 | Create | Villager (Male) |
| 25:26 | Create | Villager (Male) |
| 25:26 | Create | Villager (Male) |
| 25:26 | Create | Villager (Male) |
| 25:27 | Create | Villager (Male) |
| 25:33 | Build | Mining Camp |
| 25:46 | Create | Monk |
| 25:46 | Create | Monk |
| 26:06 | Research | Hand Cart |
| 26:59 | Build | Town Center |
| 27:13 | Build | Town Center |
| 27:41 | Create | Villager (Male) |
| 27:41 | Create | Villager (Male) |
| 27:43 | Create | Villager (Male) |
| 27:43 | Create | Villager (Male) |
| 27:44 | Create | Villager (Male) |
| 27:45 | Create | Villager (Male) |
| 27:46 | Create | Villager (Male) |
| 27:54 | Create | Villager (Male) |
| 27:54 | Create | Villager (Male) |
| 27:54 | Create | Villager (Male) |
| 27:54 | Create | Villager (Male) |
Build order — marcocuiza33
First 150 of 215 actions detected
| 0:06 | Create | Villager (Male) |
| 0:06 | Create | Villager (Male) |
| 0:06 | Create | Villager (Male) |
| 0:06 | Create | Villager (Male) |
| 0:07 | Create | Villager (Male) |
| 0:07 | Create | Villager (Male) |
| 1:30 | Create | Villager (Male) |
| 3:35 | Create | Villager (Male) |
| 3:35 | Create | Villager (Male) |
| 3:43 | Build | Mill |
| 6:07 | Create | Villager (Male) |
| 6:08 | Create | Villager (Male) |
| 6:08 | Create | Villager (Male) |
| 6:20 | Build | Lumber Camp |
| 7:27 | Build | Farm |
| 7:53 | Create | Villager (Male) |
| 7:53 | Create | Villager (Male) |
| 7:53 | Create | Villager (Male) |
| 8:32 | Build | Farm |
| 8:56 | Build | Farm |
| 9:18 | Build | Farm |
| 9:23 | Build | Farm |
| 9:26 | Build | Farm |
| 9:30 | Build | Farm |
| 9:47 | Research | Feudal Age |
| 11:57 | Age | Feudal Age |
| 12:00 | Create | Villager (Male) |
| 12:00 | Create | Villager (Male) |
| 12:06 | Research | Double-Bit Axe |
| 12:11 | Create | Villager (Male) |
| 12:11 | Create | Villager (Male) |
| 12:30 | Build | Barracks |
| 12:55 | Build | Farm |
| 13:21 | Build | Farm |
| 13:37 | Create | Villager (Male) |
| 13:38 | Create | Villager (Male) |
| 13:38 | Create | Villager (Male) |
| 13:47 | Build | Mining Camp |
| 14:29 | Build | Stable |
| 14:32 | Create | Villager (Male) |
| 14:32 | Create | Villager (Male) |
| 14:32 | Create | Villager (Male) |
| 14:33 | Create | Villager (Male) |
| 14:33 | Create | Villager (Male) |
| 15:27 | Create | Scout Cavalry |
| 15:27 | Create | Scout Cavalry |
| 15:27 | Create | Scout Cavalry |
| 15:27 | Create | Scout Cavalry |
| 15:28 | Create | Scout Cavalry |
| 15:29 | Create | Scout Cavalry |
| 15:41 | Build | Farm |
| 16:31 | Research | Horse Collar |
| 16:40 | Build | Archery Range |
| 17:27 | Build | Farm |
| 17:51 | Build | Mining Camp |
| 17:55 | Create | Villager (Male) |
| 17:55 | Create | Villager (Male) |
| 17:56 | Create | Villager (Male) |
| 17:56 | Create | Villager (Male) |
| 17:56 | Create | Villager (Male) |
| 17:56 | Create | Villager (Male) |
| 17:57 | Create | Villager (Male) |
| 21:05 | Research | Castle Age |
| 21:11 | Build | Archery Range |
| 21:14 | Build | Archery Range |
| 21:17 | Build | Farm |
| 23:45 | Age | Castle Age |
| 23:48 | Create | Cavalry Archer |
| 23:48 | Create | Cavalry Archer |
| 23:49 | Create | Cavalry Archer |
| 25:15 | Create | Cavalry Archer |
| 25:15 | Create | Cavalry Archer |
| 25:15 | Create | Cavalry Archer |
| 25:17 | Create | Cavalry Archer |
| 25:18 | Create | Cavalry Archer |
| 25:18 | Create | Cavalry Archer |
| 25:47 | Create | Cavalry Archer |
| 25:47 | Create | Cavalry Archer |
| 25:56 | Build | Blacksmith |
| 26:08 | Research | Bow Saw |
| 26:23 | Create | Cavalry Archer |
| 26:23 | Create | Cavalry Archer |
| 26:33 | Create | Villager (Male) |
| 26:33 | Create | Villager (Male) |
| 26:34 | Create | Villager (Male) |
| 26:56 | Research | Husbandry |
| 27:09 | Research | Fletching |
| 27:16 | Create | Villager (Male) |
| 27:17 | Create | Villager (Male) |
| 27:17 | Create | Villager (Male) |
| 27:17 | Create | Villager (Male) |
| 28:03 | Research | Gold Mining |
| 28:08 | Research | Heavy Plow |
| 28:36 | Create | Cavalry Archer |
| 28:37 | Create | Cavalry Archer |
| 31:41 | Build | University |
| 31:45 | Create | Cavalry Archer |
| 31:46 | Create | Cavalry Archer |
| 31:48 | Create | Cavalry Archer |
| 31:48 | Create | Cavalry Archer |
| 31:51 | Create | Cavalry Archer |
| 31:51 | Create | Cavalry Archer |
| 32:04 | Research | Stone Mining |
| 32:38 | Research | Bodkin Arrow |
| 32:44 | Research | Ballistics |
| 32:54 | Create | Villager (Male) |
| 32:55 | Create | Villager (Male) |
| 32:55 | Create | Villager (Male) |
| 33:54 | Build | Castle |
| 34:09 | Create | Villager (Male) |
| 34:09 | Create | Villager (Male) |
| 34:09 | Create | Villager (Male) |
| 34:10 | Create | Villager (Male) |
| 34:18 | Build | Town Center |
| 34:59 | Research | Gold Shaft Mining |
| 37:04 | Create | Villager (Male) |
| 37:05 | Create | Villager (Male) |
| 37:05 | Create | Villager (Male) |
| 37:05 | Create | Villager (Male) |
| 37:06 | Create | Villager (Male) |
| 37:27 | Create | Cavalry Archer |
| 37:27 | Create | Cavalry Archer |
| 37:27 | Create | Cavalry Archer |
| 37:27 | Create | Cavalry Archer |
| 37:29 | Create | Cavalry Archer |
| 37:30 | Create | Cavalry Archer |
| 37:30 | Create | Cavalry Archer |
| 37:33 | Create | Cavalry Archer |
| 37:33 | Create | Cavalry Archer |
| 38:10 | Build | Market |
| 38:17 | Create | Cavalry Archer |
| 38:18 | Create | Cavalry Archer |
| 38:20 | Create | Cavalry Archer |
| 38:21 | Create | Cavalry Archer |
| 38:25 | Research | Scale Barding Armor |
| 39:25 | Build | Town Center |
| 39:33 | Create | Villager (Male) |
| 39:33 | Create | Villager (Male) |
| 39:34 | Create | Villager (Male) |
| 39:34 | Create | Villager (Male) |
| 41:25 | Build | Castle |
| 41:27 | Create | Villager (Male) |
| 41:27 | Create | Villager (Male) |
| 41:27 | Create | Villager (Male) |
| 41:27 | Create | Villager (Male) |
| 41:46 | Build | Archery Range |
| 41:53 | Build | Archery Range |
| 43:22 | Create | Cavalry Archer |
| 43:23 | Create | Cavalry Archer |
| 43:23 | Create | Cavalry Archer |
Build order — Raziel
First 150 of 264 actions detected
| 0:01 | Create | Villager (Male) |
| 0:01 | Create | Villager (Male) |
| 0:02 | Create | Villager (Male) |
| 0:03 | Build | House |
| 0:06 | Build | House |
| 0:24 | Create | Villager (Male) |
| 0:24 | Create | Villager (Male) |
| 0:39 | Create | Villager (Male) |
| 0:39 | Create | Villager (Male) |
| 2:07 | Create | Villager (Male) |
| 2:07 | Create | Villager (Male) |
| 3:17 | Research | Loom |
| 3:26 | Build | House |
| 3:32 | Build | House |
| 3:40 | Create | Villager (Male) |
| 4:13 | Create | Villager (Male) |
| 4:40 | Create | Villager (Male) |
| 4:42 | Create | Villager (Male) |
| 4:42 | Create | Villager (Male) |
| 5:09 | Create | Villager (Male) |
| 5:10 | Create | Villager (Male) |
| 5:41 | Create | Villager (Male) |
| 6:13 | Build | Lumber Camp |
| 7:00 | Build | Mill |
| 7:10 | Create | Villager (Male) |
| 7:32 | Research | Feudal Age |
| 8:00 | Build | Mining Camp |
| 9:21 | Create | Villager (Male) |
| 9:45 | Age | Feudal Age |
| 9:52 | Research | Wheelbarrow |
| 9:56 | Research | Double-Bit Axe |
| 10:19 | Build | Mill |
| 10:42 | Research | Horse Collar |
| 11:12 | Build | Market |
| 11:35 | Build | Barracks |
| 11:43 | Create | Villager (Male) |
| 11:43 | Create | Villager (Male) |
| 11:53 | Build | House |
| 11:54 | Build | House |
| 12:30 | Create | Villager (Male) |
| 13:15 | Research | Town Watch |
| 13:18 | Create | Villager (Male) |
| 13:22 | Create | Villager (Male) |
| 13:39 | Build | Mining Camp |
| 14:09 | Create | Villager (Male) |
| 14:30 | Build | Blacksmith |
| 14:45 | Create | Villager (Male) |
| 15:01 | Create | Villager (Male) |
| 15:38 | Create | Villager (Male) |
| 15:47 | Build | Stable |
| 15:48 | Build | Stable |
| 15:59 | Create | Villager (Male) |
| 16:00 | Create | Villager (Male) |
| 17:04 | Build | Mill |
| 17:42 | Research | Castle Age |
| 18:23 | Build | Dock |
| 18:28 | Build | Dock |
| 19:26 | Research | Bloodlines |
| 19:44 | Create | Spearman |
| 19:45 | Create | Spearman |
| 19:45 | Create | Spearman |
| 19:45 | Create | Spearman |
| 20:18 | Create | Spearman |
| 20:18 | Create | Spearman |
| 20:22 | Age | Castle Age |
| 20:58 | Build | Farm |
| 20:58 | Build | Farm |
| 20:59 | Build | Farm |
| 20:59 | Build | Farm |
| 20:59 | Build | Farm |
| 21:00 | Build | Farm |
| 21:01 | Build | Farm |
| 21:01 | Build | Farm |
| 21:14 | Research | Pikeman (upgrade) |
| 21:20 | Research | Squires |
| 21:47 | Create | Knight |
| 21:47 | Create | Knight |
| 21:47 | Create | Knight |
| 23:57 | Build | Market |
| 24:03 | Create | Villager (Male) |
| 24:03 | Create | Villager (Male) |
| 24:03 | Create | Villager (Male) |
| 24:34 | Create | Knight ×2 |
| 25:16 | Build | Castle |
| 25:33 | Create | Knight ×2 |
| 26:17 | Build | Lumber Camp |
| 26:50 | Create | Knight |
| 26:51 | Create | Knight |
| 26:51 | Create | Knight |
| 26:51 | Create | Knight |
| 27:29 | Build | House |
| 28:00 | Create | Knight |
| 28:01 | Create | Knight |
| 28:12 | Create | Villager (Male) |
| 28:13 | Create | Villager (Male) |
| 28:13 | Create | Villager (Male) |
| 28:39 | Create | Knight |
| 28:43 | Create | Villager (Male) |
| 28:43 | Create | Villager (Male) |
| 28:46 | Research | Hand Cart |
| 30:05 | Create | Knight |
| 30:05 | Create | Knight |
| 30:06 | Create | Knight |
| 30:10 | Create | Villager (Male) |
| 30:10 | Create | Villager (Male) |
| 30:19 | Build | Town Center |
| 30:39 | Build | Blacksmith |
| 30:53 | Create | Knight |
| 30:53 | Create | Knight |
| 30:53 | Create | Knight |
| 31:35 | Create | Villager (Male) |
| 31:35 | Create | Villager (Male) |
| 31:39 | Create | Villager (Male) |
| 31:40 | Create | Villager (Male) |
| 31:40 | Create | Villager (Male) |
| 31:45 | Build | Farm |
| 31:45 | Build | Farm |
| 31:45 | Build | Farm |
| 31:46 | Build | Farm |
| 31:46 | Build | Farm |
| 31:46 | Build | Farm |
| 31:47 | Build | Farm |
| 31:56 | Research | Arson |
| 31:57 | Research | Gambesons |
| 32:13 | Create | Villager (Male) |
| 32:42 | Research | Scale Barding Armor |
| 33:08 | Research | Heavy Plow |
| 33:34 | Research | Bow Saw |
| 33:48 | Build | Farm |
| 33:51 | Create | Villager (Male) |
| 33:57 | Create | Villager (Male) |
| 34:14 | Create | Villager (Male) |
| 34:14 | Create | Villager (Male) |
| 34:18 | Create | Villager (Male) |
| 34:40 | Create | Knight |
| 34:41 | Create | Knight |
| 35:33 | Create | Villager (Male) |
| 35:33 | Create | Villager (Male) |
| 35:34 | Create | Villager (Male) |
| 35:34 | Create | Villager (Male) |
| 35:53 | Research | Chain Barding Armor |
| 37:05 | Create | Knight |
| 37:06 | Create | Knight |
| 37:06 | Create | Knight |
| 37:06 | Create | Knight |
| 37:07 | Create | Knight |
| 37:51 | Build | Town Center |
| 38:05 | Build | Town Center |
| 38:15 | Create | Knight |
| 38:16 | Create | Knight |
Build order — villeguitas.mavg
First 150 of 331 actions detected
| 0:07 | Build | House |
| 0:10 | Create | Villager (Male) |
| 0:11 | Create | Villager (Male) |
| 0:11 | Create | Villager (Male) |
| 0:55 | Create | Villager (Male) |
| 1:24 | Create | Villager (Male) |
| 1:31 | Create | Villager (Male) |
| 2:00 | Build | House |
| 2:16 | Create | Villager (Male) |
| 2:43 | Create | Villager (Male) |
| 2:56 | Build | Lumber Camp |
| 2:59 | Create | Villager (Male) |
| 3:31 | Create | Villager (Male) |
| 4:03 | Create | Villager (Male) |
| 4:35 | Build | House |
| 5:12 | Create | Villager (Male) |
| 5:12 | Create | Villager (Male) |
| 5:52 | Create | Villager (Male) |
| 5:57 | Create | Villager (Male) |
| 6:02 | Build | House |
| 6:03 | Build | House |
| 6:05 | Build | House |
| 6:12 | Build | Mill |
| 6:18 | Create | Villager (Male) |
| 6:41 | Create | Villager (Male) |
| 7:02 | Create | Villager (Male) |
| 7:06 | Create | Villager (Male) |
| 7:21 | Build | House |
| 7:28 | Build | Farm |
| 7:31 | Build | Farm |
| 7:35 | Create | Villager (Male) |
| 7:46 | Build | Farm |
| 8:21 | Build | House |
| 8:40 | Build | Farm |
| 9:20 | Research | Feudal Age |
| 9:41 | Build | Mining Camp |
| 11:08 | Create | Villager (Male) |
| 11:08 | Create | Villager (Male) |
| 11:08 | Create | Villager (Male) |
| 11:20 | Build | Barracks |
| 11:30 | Age | Feudal Age |
| 11:37 | Research | Double-Bit Axe |
| 11:44 | Research | Horse Collar |
| 12:17 | Create | Militia |
| 12:17 | Create | Militia |
| 12:18 | Create | Militia |
| 12:18 | Create | Militia |
| 12:52 | Build | Farm |
| 12:53 | Create | Villager (Male) |
| 12:54 | Create | Villager (Male) |
| 12:54 | Create | Villager (Male) |
| 12:54 | Create | Villager (Male) |
| 12:59 | Build | Farm |
| 13:02 | Build | Farm |
| 13:27 | Create | Militia |
| 13:36 | Build | Mining Camp |
| 13:49 | Build | Farm |
| 13:54 | Create | Villager (Male) |
| 13:57 | Research | Wheelbarrow |
| 14:13 | Create | Militia |
| 14:25 | Create | Villager (Male) |
| 14:26 | Create | Villager (Male) |
| 14:44 | Create | Villager (Male) |
| 15:01 | Build | Lumber Camp |
| 15:31 | Create | Militia |
| 15:32 | Create | Militia |
| 15:34 | Create | Militia |
| 16:20 | Build | Farm |
| 16:48 | Build | Palisade Wall |
| 16:53 | Build | Farm |
| 17:33 | Build | Farm |
| 17:38 | Build | Farm |
| 17:40 | Create | Villager (Male) |
| 17:41 | Create | Villager (Male) |
| 17:50 | Build | House |
| 18:17 | Build | House |
| 18:30 | Build | Market |
| 18:36 | Create | Villager (Male) |
| 18:37 | Create | Villager (Male) |
| 18:41 | Build | Farm |
| 19:21 | Research | Man-at-Arms (upgrade) |
| 20:30 | Build | House |
| 20:33 | Build | House |
| 20:58 | Build | Archery Range |
| 22:03 | Build | Farm |
| 22:09 | Research | Castle Age |
| 22:37 | Create | Archer |
| 22:37 | Create | Archer |
| 22:37 | Create | Archer |
| 22:38 | Create | Archer |
| 22:38 | Create | Archer |
| 23:47 | Research | Gold Mining |
| 23:49 | Research | Stone Mining |
| 23:54 | Create | Villager (Male) |
| 23:54 | Create | Villager (Male) |
| 23:54 | Create | Villager (Male) |
| 23:54 | Create | Villager (Male) |
| 24:00 | Create | Villager (Male) |
| 24:01 | Create | Villager (Male) |
| 24:49 | Age | Castle Age |
| 25:41 | Build | Town Center |
| 25:59 | Create | Archer |
| 26:00 | Create | Archer |
| 26:00 | Create | Archer |
| 26:00 | Create | Archer |
| 26:01 | Create | Archer |
| 26:32 | Create | Trade Cart |
| 26:32 | Create | Trade Cart |
| 26:37 | Create | Trade Cart |
| 27:18 | Create | Archer |
| 27:21 | Create | Archer |
| 27:25 | Create | Villager (Male) |
| 27:25 | Create | Villager (Male) |
| 27:25 | Create | Villager (Male) |
| 27:33 | Research | Hand Cart |
| 28:04 | Create | Villager (Male) |
| 28:10 | Research | Bow Saw |
| 28:12 | Research | Heavy Plow |
| 28:26 | Create | Villager (Male) |
| 28:26 | Create | Villager (Male) |
| 28:32 | Build | Lumber Camp |
| 28:40 | Create | Villager (Male) |
| 29:12 | Build | House |
| 29:14 | Build | House |
| 29:17 | Build | House |
| 29:36 | Build | Castle |
| 30:04 | Create | Villager (Male) |
| 30:05 | Create | Villager (Male) |
| 32:05 | Create | Villager (Male) |
| 32:05 | Create | Villager (Male) |
| 32:05 | Create | Villager (Male) |
| 32:05 | Create | Villager (Male) |
| 32:08 | Research | Imperial Age |
| 32:18 | Build | Town Center |
| 32:42 | Build | Archery Range |
| 32:45 | Build | Archery Range |
| 32:54 | Create | Mangudai |
| 32:54 | Create | Mangudai |
| 32:54 | Create | Mangudai |
| 32:54 | Create | Mangudai |
| 32:54 | Create | Mangudai |
| 33:38 | Create | Mangudai |
| 34:06 | Build | Mining Camp |
| 34:16 | Build | Archery Range |
| 34:26 | Build | Archery Range |
| 34:34 | Build | Mining Camp |
| 34:39 | Create | Villager (Male) |
| 34:40 | Create | Villager (Male) |
| 34:40 | Create | Villager (Male) |
| 34:40 | Create | Villager (Male) |
Match timeline
| 9:42 | 𝕭𝖗𝖔𝖔𝖘 · first_building Barracks |
| 9:45 | Raziel · age_up feudal |
| 11:10 | blindsestudio0 · first_building Barracks |
| 11:16 | 𝕭𝖗𝖔𝖔𝖘 · age_up feudal |
| 11:20 | villeguitas.mavg · first_building Barracks |
| 11:30 | villeguitas.mavg · age_up feudal |
| 11:35 | Raziel · first_building Barracks |
| 11:57 | marcocuiza33 · age_up feudal |
| 12:30 | marcocuiza33 · first_building Barracks |
| 13:11 | 𝐿.0.𝑡.𝑢.𝑠 ☼ · age_up feudal |
| 13:21 | 𝕭𝖗𝖔𝖔𝖘 · first_building Stable |
| 14:29 | marcocuiza33 · first_building Stable |
| 15:47 | Raziel · first_building Stable |
| 16:00 | blindsestudio0 · age_up feudal |
| 16:40 | marcocuiza33 · first_building Archery Range |
| 16:48 | villeguitas.mavg · wall_segment Palisade Wall x8 |
| 17:34 | Raziel · first_market_buy 100 food |
| 18:23 | Raziel · first_building Dock |
| 20:08 | 𝕭𝖗𝖔𝖔𝖘 · first_market_buy 100 stone |
| 20:09 | 𝕭𝖗𝖔𝖔𝖘 · age_up castle |
| 20:22 | Raziel · age_up castle |
| 20:58 | villeguitas.mavg · first_building Archery Range |
| 21:42 | Raziel · first_market_sell 500 wood |
| 21:59 | 𝐿.0.𝑡.𝑢.𝑠 ☼ · first_building Barracks |
| 22:06 | 𝐿.0.𝑡.𝑢.𝑠 ☼ · age_up castle |
| 23:15 | blindsestudio0 · age_up castle |
| 23:45 | marcocuiza33 · age_up castle |
| 24:43 | blindsestudio0 · first_building Monastery |
| 24:49 | 𝕭𝖗𝖔𝖔𝖘 · first_building Castle |
| 24:49 | villeguitas.mavg · age_up castle |
| 25:16 | Raziel · first_building Castle |
| 26:39 | 𝕭𝖗𝖔𝖔𝖘 · first_building Monastery |
| 27:33 | 𝐿.0.𝑡.𝑢.𝑠 ☼ · first_building Monastery |
| 28:30 | 𝐿.0.𝑡.𝑢.𝑠 ☼ · first_building Castle |
| 29:36 | villeguitas.mavg · first_building Castle |
| 30:53 | blindsestudio0 · first_building Castle |
| 31:27 | 𝕭𝖗𝖔𝖔𝖘 · first_building Siege Workshop |
| 33:47 | 𝐿.0.𝑡.𝑢.𝑠 ☼ · first_building Archery Range |
| 33:54 | marcocuiza33 · first_building Castle |
| 35:18 | villeguitas.mavg · age_up imperial |
| 35:56 | blindsestudio0 · first_building Stable |
| 36:05 | 𝐿.0.𝑡.𝑢.𝑠 ☼ · first_market_sell 100 wood |
| 39:20 | 𝐿.0.𝑡.𝑢.𝑠 ☼ · age_up imperial |
| 39:20 | 𝕭𝖗𝖔𝖔𝖘 · first_market_sell 100 wood |
| 39:54 | blindsestudio0 · age_up imperial |
| 41:03 | Raziel · first_building Siege Workshop |
| 44:04 | 𝕭𝖗𝖔𝖔𝖘 · age_up imperial |
| 46:56 | marcocuiza33 · age_up imperial |
| 48:10 | Raziel · first_building Monastery |
| 49:56 | Raziel · tribute_sent a jugador 1 |
| 49:56 | Raziel · tribute_sent a jugador 2 |
| 49:56 | Raziel · tribute_sent a jugador 3 |
| 49:56 | Raziel · tribute_sent a jugador 4 |
| 49:57 | Raziel · tribute_sent a jugador 6 |
| 51:46 | villeguitas.mavg · first_building Monastery |
| 51:52 | 𝕭𝖗𝖔𝖔𝖘 · first_building Archery Range |
| 53:48 | Raziel · age_up imperial |
| 54:48 | 𝕭𝖗𝖔𝖔𝖘 · resign |
[ AI ANALYSIS · 1 CREDIT ]
What really happened in this match?
Wolo.gg analyzes every decision: build order, eco, micro, common mistakes by bracket. Personalized analysis on WhatsApp or Discord in 30 seconds.
Civ guide
Mongols
Map guide
Seasons
Perfil
𝐿.0.𝑡.𝑢.𝑠 ☼